 Dungeon Crawl Stone Soup version 0.32-a0-891-gc41d80381e (webtiles) character file.

Game seed: 13756372127252128808

17924 Jinxx the Frost Mage (level 12, -42/91 HPs)
             Began as a Merfolk Ice Elementalist on Apr 3, 2024.
             Was an Elder of Vehumet.
             Annihilated by Rupert
             ... wielding a +7 battleaxe of electrocution
              (50 damage)
             ... on level 3 of the Lair of Beasts.
             The game lasted 01:54:05 (15503 turns).

Jinxx the Frost Mage (Merfolk Ice Elementalist)    Turns: 15503, Time: 01:54:06

Health: -42/91     AC:  7    Str:  9    XL:     12   Next: 53%
Magic:  10/24      EV: 20    Int: 18    God:    Vehumet [****..]
Gold:   241        SH:  0    Dex: 15    Spells: 14/27 levels left

rFire   . . .        J - staff of cold
rCold   + + +        (no shield)
rNeg    . . .        P - +2 robe {rC+ rF+}
rPois   .            n - +1 hat
rElec   .            B - +0 cloak
rCorr   .            m - +0 pair of gloves
SInv    .            (no boots)
Will    .....        (no amulet)
Stlth   ++++         M - +5 ring of evasion
HPRegen 0.35/turn    O - ring of ice
MPRegen 0.19/turn

%: no passive effects
@: unable to call your familiar
A: (nimble swimmer 2), mertail
a: Renounce Religion


You were on level 3 of the Lair of Beasts.
You worshipped Vehumet.
Vehumet was greatly pleased with you.
You visited 3 branches of the dungeon, and saw 13 of its levels.

You collected 596 gold pieces.
You spent 355 gold pieces at shops.

Inventory:

Hand Weapons
 x - the +5 falchion of Upheaval {antimagic, Int+2 Dex+3 Stlth+}
   (You found it on level 8 of the Dungeon)

   Int+2:     It affects your intelligence (+2).
   Dex+3:     It affects your dexterity (+3).
   Stlth+:    It makes you more stealthy.
 A - a +4 quarterstaff of chaos
 T - a +1 whip of freezing
 Y - a +3 trident of draining
Missiles
 p - a throwing net
 q - 3 atropa-tipped darts
 r - 24 poisoned darts
 W - 9 boomerangs
Armour
 f - the +2 pair of boots of the Cockroach {rN+ rCorr Str+2 Dex-5}
   (You found it on level 2 of the Lair of Beasts)

   Str+2:     It affects your strength (+2).
   Dex-5:     It affects your dexterity (-5).
   rN+:       It protects you from negative energy.
   rCorr:     It protects you from acid and corrosion.
 m - a +0 pair of gloves (worn)
 n - a +1 hat (worn)
 B - a +0 cloak (worn)
 P - a +2 robe of resistance (worn)
 Z - an orb of guile
Magical Staves
 I - a staff of air
 J - a staff of cold (weapon)
Jewellery
 a - a ring of poison resistance
 s - a ring of protection from cold
 L - a ring of flight
 M - a +5 ring of evasion (left hand)
 O - a ring of ice (right hand)
Talismans
 R - a blade talisman
Wands
 t - a wand of mindburst (26)
 y - a wand of charming (15)
 D - a wand of roots (5)
 H - a wand of flame (48)
Scrolls
 e - a scroll of enchant armour {unknown}
 g - 2 scrolls of amnesia
 u - 2 scrolls of identify
 v - a scroll of fear {unknown}
 F - a scroll of fog {unknown}
 K - a scroll of poison {unknown}
 N - 6 scrolls of teleportation
 Q - a scroll of noise {unknown}
 S - 2 scrolls of enchant weapon
 V - 2 scrolls of brand weapon {unknown}
Potions
 b - a potion of magic
 c - 2 potions of attraction
 d - a potion of brilliance
 h - 4 potions of curing
 k - 2 potions of berserk rage
 o - 3 potions of resistance
 w - 2 potions of lignification
 z - 2 potions of enlightenment
Miscellaneous
 C - a Gell's gravitambourine (1/2)
 U - a box of beasts


   Skills:
 + Level 7.0 Fighting
 - Level 2.7 Short Blades
 + Level 4.3 Staves
 + Level 4.4 Armour
 + Level 8.4 Dodging
 + Level 7.7 Stealth
 * Level 8.3 Spellcasting
 + Level 5.7 Summonings
 * Level 10.7 Ice Magic
 + Level 0.0 Alchemy
 + Level 5.8 Evocations


You had 14 spell levels left.
You knew the following spells:

 Your Spells              Type           Power      Damage    Failure   Level
a - Freeze                Ice            100%       1d10      1%          1
b - Frozen Ramparts       Ice            100%       1d16      1%          3
c - Ozocubu's Armour      Ice            81%        N/A       1%          3
d - Call Canine Familiar  Summ           28%        N/A       2%          3
e - Summon Ice Beast      Ice/Summ       70%        N/A       1%          3

Your spell library contained the following spells:

 Spells                   Type           Power      Damage    Failure   Level
 Sticky Flame             Fire/Alch      7%         2d4       24%         4
 Sting                    Conj/Alch      28%        1d4       2%          1
 Mercury Vapours          Alch/Air       14%        N/A       4%          2
 Stone Arrow              Conj/Erth      14%        3d7       8%          3
 Lesser Beckoning         Tloc           14%        N/A       14%         2
 Olgreb's Toxic Radiance  Alch           7%         N/A       24%         4
 Maxwell's Portable Pile  Tloc           7%         2d(5-15)  28%         3
 Sigil of Binding         Hex            7%         N/A       28%         3
 Teleport Other           Tloc           7%         N/A       28%         3
 Animate Armour           Summ/Erth      34%        N/A       28%         4
 Arcjolt                  Conj/Air       3%         1d13      52%         5
 Summon Forest            Summ/Tloc      8%         N/A       63%         5
 Summon Mana Viper        Hex/Summ       17%        N/A       63%         5
 Dimensional Bullseye     Hex/Tloc       3%         N/A       67%         4
 Summon Cactus Giant      Summ           14%        N/A       80%         6
 Lehudib's Crystal Spear  Conj/Erth      3%         10d3      100%        8
 Maxwell's Capacitive Co  Air            3%         ∞         100%        8


Dungeon Overview and Level Annotations

Branches:
Dungeon (9/15)             Temple (1/1) D:6            Lair (3/5) D:9
 Shoals (0/4) Lair:2
  Snake: Lair:2-3    Spider: Lair:2-3       Orc: D:9-12

Altars:
Ashenzari
Cheibriados
Dithmenos
Elyvilon
Fedhas
Gozag
Hepliaklqana
Kikubaaqudgha
Makhleb
Nemelex Xobeh
Okawaru
Qazlal
Ru
Sif Muna
Trog
Uskayaw
Vehumet
Wu Jian
Xom
Zin

Shops:
D:9 [?[

Portals:
Abyss: D:6

Annotations:
Lair:3 Rupert


Innate Abilities, Weirdness & Mutations

((You are very nimble when in or above water. (Stealth+, EV+, Speed+++)))
Your lower body shifts to a powerful aquatic tail in water.


Message History

Aiming: Mindburst
Press: ? - help, Shift-Dir - straight line, f - Rupert
Aim: Rupert, wielding a +7 battleaxe of electrocution and wearing a +0 leather armour (moderately wounded, berserk, ally target, chance to affect: 20%) Rupert resists with almost no effort.
Rupert hits you with a +7 battleaxe of electrocution!!!
You are electrocuted!
The wolf completely misses you. The wolf misses your inugami.
Rupert misses you.
Rupert completely misses your butterfly.
Your inugami hits the wolf but does no damage.
The wolf closely misses your inugami. The wolf barely misses you.
Okay, then.
You feel much better. Rupert completely misses you.
Rupert hits your butterfly with a +7 battleaxe of electrocution!
Your butterfly dies!
Your butterfly disappears in a burst of colours!
The wolf bites your inugami. The wolf bites you but does no damage.
Your inugami hits the wolf. The wolf bites your inugami.
The wolf barely misses your inugami. The wolf bites your inugami.
Rupert hits you with a +7 battleaxe of electrocution!!
* * * LOW HITPOINT WARNING * * *
You are electrocuted!
* * * LOW HITPOINT WARNING * * *
Rupert hits your butterfly with a +7 battleaxe of electrocution!
Your butterfly dies!
Your butterfly disappears in a burst of colours!
Rupert hits your inugami with a +7 battleaxe of electrocution!!
Your inugami dies!
Your inugami disappears in a puff of smoke!
Aiming: Gell's Gravitas
Press: ? - help, Dir - move target, p - Rupert You rattle the tambourine.
Waves of gravity draw inward.
The wolf bites your butterfly!
Your butterfly dies!
Your butterfly disappears in a burst of colours!
The wolf completely misses you.
Rupert hits you with a +7 battleaxe of electrocution!!!
Ouch! That really hurt!
You die...
Rupert roars with triumph.

#### #.#####..#
.......#...#.#..##
..........#......##
................@.##
................@h.####
...........bbbh.l..#...
...............b.b..#..
............bbb.b......#
..............bb......##
.............b........#
...........b....bb...##
....................b###


You could see Rupert (berserk, ally target), a komodo dragon (ally target) and 2
wolves.

Vanquished Creatures
  A hydra (Lair:2)
  A boulder beetle (Lair:2)
  Urug (Lair:2)
  The ghost of hattey the Fighter, a novice HuWn (D:7)
  Amaemon (D:9)
  Pikel (D:7)
  An elephant (D:9)
  An orange demon (D:9)
  3 komodo dragons
  Jeremiah (D:7)
  5 cane toads
  An ancient zyme (D:6)
  A polar bear (Lair:2)
  2 blink frogs
  12 yaks
  Eustachio (D:5)
  A basilisk (D:9)
  A wyvern (Lair:1)
  An acid dragon (D:9)
  2 small abominations (D:6)
  4 water moccasins (Lair:2)
  A black bear (D:4)
  A wolf (Lair:3)
  A centaur (D:7)
  3 lemures (D:7)
  2 phantoms
  A kobold brigand (D:5)
  3 bullfrogs
  2 scorpions
  4 killer bees
  A bombardier beetle (D:4)
  A jelly (D:6)
  5 hounds
  4 orc priests
  Crazy Yiuf (D:3)
  A sleepcap (D:6)
  Jessica (D:3)
  2 iguanas
  7 orc wizards
  7 adders
  8 gnolls
  2 white imps
  2 ufetubi (D:6)
  A ribbon worm (D:2)
  37 orcs
  13 ball pythons
  9 bats
  8 endoplasms
  2 giant cockroaches (D:1)
  8 goblins
  6 hobgoblins
  3 jackals (D:1)
  9 kobolds
  5 quokkas
  2 frilled lizards (D:1)
  5 rats
211 creatures vanquished.

Vanquished Creatures (collateral kills)
  The ghost of SkaryMonk the Chopper, a novice CoGl of Qazlal (D:6)
  A rime drake (Lair:2)
  A troll (D:9)
  A polar bear (Lair:2)
  6 blink frogs
  A basilisk (Lair:2)
  A steam dragon (D:9)
  3 unseen horror simulacra (D:7)
  7 yaks
  A yak (shapeshifter) (D:9)
  Menkaure (D:5)
  Edmund (D:6)
  6 water moccasins
  An ice beast (D:7)
  An orc warrior (D:9)
  A black bear (D:9)
  A wolf (Lair:3)
  A lemure (D:7)
  A kobold brigand (D:6)
  A phantom (D:7)
  5 bullfrogs
  2 killer bees (D:9)
  An electric eel (Lair:2)
  2 gnoll boudas
  A jelly (D:5)
  3 gnolls
  A shadow imp (D:6)
  A white imp (D:6)
  5 orcs
  A goblin (D:7)
  2 hobgoblins (D:7)
  A kobold (D:5)
63 creatures vanquished.

Grand Total: 274 creatures vanquished

Notes
Turn   | Place    | Note
-------+----------+-------------------------------------------
     0 | D:1      | Jinxx the Merfolk Ice Elementalist began the quest for the
                  | Orb.
     0 | D:1      | Reached XP level 1. HP: 13/13 MP: 3/3
   165 | D:1      | Reached XP level 2. HP: 19/19 MP: 1/5
   664 | D:1      | Reached XP level 3. HP: 25/25 MP: 2/6
   668 | D:1      | Learned a level 3 spell: Frozen Ramparts
  1393 | D:2      | Noticed a phantom
  1412 | D:2      | Killed a phantom
  1413 | D:2      | Reached skill level 1 in Fighting
  1413 | D:2      | Reached skill level 5 in Ice Magic
  1413 | D:2      | Reached XP level 4. HP: 30/32 MP: 4/8
  1413 | D:2      | Reached XP level 5. HP: 34/37 MP: 4/9
  1445 | D:2      | Reached skill level 1 in Short Blades
  1514 | D:2      | Learned a level 3 spell: Ozocubu's Armour
  1648 | D:2      | Reached skill level 1 in Armour
  2459 | D:2      | Learned a level 3 spell: Call Canine Familiar
  2698 | D:3      | Reached XP level 6. HP: 43/43 MP: 3/10
  2915 | D:3      | Found a faded altar of an unknown god.
  3074 | D:3      | Noticed Jessica
  3081 | D:3      | Killed Jessica
  3341 | D:3      | Found a runed translucent door.
  3342 | D:3      | Noticed Crazy Yiuf
  3355 | D:3      | Killed Crazy Yiuf
  3550 | D:3      | Found a hide-covered altar of Uskayaw.
  3563 | D:3      | Found an ornate altar of the Wu Jian Council.
  3580 | D:3      | Found a shimmering altar of Xom.
  4085 | D:4      | Reached skill level 1 in Evocations
  4085 | D:4      | Reached XP level 7. HP: 50/50 MP: 6/12
  4190 | D:4      | Reached skill level 1 in Summonings
  4558 | D:4      | HP: 2/50 [black bear (12)]
  4734 | D:4      | Found a radiant altar of Vehumet.
  4821 | D:4      | Found a sparkling altar of Nemelex Xobeh.
  4893 | D:4      | Reached skill level 6 in Ice Magic
  5253 | D:4      | Became a worshipper of Vehumet
  5279 | D:5      | Entered Level 5 of the Dungeon
  5323 | D:5      | Found a blossoming altar of Fedhas.
  5491 | D:5      | Learned a level 3 spell: Summon Ice Beast
  5696 | D:5      | Reached XP level 8. HP: 45/57 MP: 0/14
  5932 | D:5      | Noticed Menkaure
  5959 | D:5      | Noticed Eustachio
  5968 | D:5      | Killed Menkaure
  5973 | D:5      | Killed Eustachio
  6475 | D:6      | Reached * piety under Vehumet
  6475 | D:6      | Offered knowledge of Sandblast by Vehumet.
  6648 | D:6      | Found a one-way gate to the infinite horrors of the Abyss.
  6648 | D:6      | Noticed SkaryMonk's ghost (novice CoGl)
  6656 | D:6      | Found a transporter.
  6664 | D:6      | Found a transporter.
  6832 | D:6      | Reached skill level 1 in Staves
  7004 | D:6      | Reached skill level 5 in Dodging
  7150 | D:6      | Found a staircase to the Ecumenical Temple.
  7162 | Temple   | Entered the Ecumenical Temple
  7225 | D:6      | Noticed Edmund
  7238 | D:6      | Killed Edmund
  7239 | D:6      | Reached skill level 7 in Ice Magic
  7239 | D:6      | Reached XP level 9. HP: 37/65 MP: 2/16
  7775 | D:6      | Noticed an ancient zyme
  7834 | D:6      | Reached skill level 5 in Spellcasting
  7836 | D:6      | Killed an ancient zyme
  7842 | D:6      | Reached ** piety under Vehumet
  7842 | D:6      | Offered knowledge of Static Discharge by Vehumet.
  7848 | D:6      | Reached skill level 5 in Stealth
  7880 | D:6      | Killed SkaryMonk's ghost
  8246 | D:7      | Found a bloodstained altar of Trog.
  8650 | D:7      | Noticed Jeremiah
  8667 | D:7      | Killed Jeremiah
  8991 | D:7      | Noticed Pikel
  9020 | D:7      | Killed Pikel
  9021 | D:7      | Reached skill level 8 in Ice Magic
  9021 | D:7      | Reached XP level 10. HP: 55/73 MP: 6/18
  9302 | D:7      | Found a runed translucent gate.
  9302 | D:7      | Found a runed translucent gate.
  9302 | D:7      | Found a runed translucent gate.
  9306 | D:7      | Noticed a spectral unseen horror
  9308 | D:7      | Noticed hattey's ghost (novice HuWn)
  9768 | D:7      | Found an opulent altar of Gozag.
 10165 | D:7      | Killed hattey's ghost
 10166 | D:7      | Reached skill level 5 in Fighting
 10421 | D:8      | Identified the +5 falchion of Upheaval {antimagic, Int+2
                  | Dex+3 Stlth+}
 10648 | D:9      | Noticed Amaemon
 10648 | D:9      | Noticed an orange demon
 10697 | D:9      | Killed an orange demon
 10699 | D:9      | Killed Amaemon
 11175 | D:9      | Found Rucac's Antique Armour Emporium.
 11202 | D:9      | Bought a runed robe for 103 gold pieces
 11203 | D:9      | Found a staircase to the Lair.
 11203 | D:9      | Noticed an elephant
 11214 | D:9      | Killed an elephant
 11215 | D:9      | Reached skill level 9 in Ice Magic
 11215 | D:9      | Reached XP level 11. HP: 76/80 MP: 14/21
 11227 | D:9      | Offered knowledge of Searing Ray by Vehumet.
 11465 | D:9      | Found Xylusevu's Magic Scroll Boutique.
 11473 | D:9      | Bought a scroll of enchant weapon for 90 gold pieces
 11473 | D:9      | Bought a scroll of butterflies for 48 gold pieces
 11473 | D:9      | Bought a scroll of identify for 24 gold pieces
 11473 | D:9      | Bought a scroll of blinking for 90 gold pieces
 11517 | D:9      | Found a burning altar of Makhleb.
 11581 | D:9      | Found Geep's Antique Armour Boutique.
 11967 | D:9      | a cane toad changed into an entropy weaver
 11967 | D:9      | Noticed an entropy weaver (shapeshifter)
 11976 | D:9      | an entropy weaver changed into a yak
 12135 | Lair:1   | Entered Level 1 of the Lair of Beasts
 12651 | Lair:1   | Reached *** piety under Vehumet
 12773 | Lair:1   | Reached skill level 5 in Evocations
 13252 | Lair:1   | Reached skill level 5 in Summonings
 13791 | Lair:2   | Noticed a seven-headed hydra
 13802 | Lair:2   | Reached skill level 10 in Ice Magic
 13802 | Lair:2   | Killed a seven-headed hydra
 13809 | Lair:2   | Reached XP level 12. HP: 89/89 MP: 13/23
 13877 | Lair:2   | Offered knowledge of Sticky Flame by Vehumet.
 14256 | Lair:2   | Noticed Urug
 14265 | Lair:2   | Killed Urug
 14427 | Lair:2   | Found a staircase to the Shoals.
 14434 | Lair:2   | Noticed a boulder beetle
 14571 | Lair:2   | Killed a boulder beetle
 14678 | Lair:2   | Identified the +2 pair of boots of the Cockroach {rN+ rCorr
                  | Str+2 Dex-5}
 15440 | Lair:3   | Reached **** piety under Vehumet
 15470 | Lair:3   | Noticed Rupert
 15503 | Lair:3   | Annihilated by Rupert

Illustrated notes

Levels and vault maps discovered:
D:1:      giann_horns, layout_basic, corexii_item_surrounded_by_moat
D:2:      cheibrodos_helix_gallery, layout_loops_corners, solitary_fountain,
          minmay_tripent
D:3:      layout_basic, grunt_temple_overflow_diamond,
          dreamdust_ecumenical_altar_grove, uniq_jessica,
          uniq_crazy_yiuf_cottage
D:4:      layout_basic, lemuel_tele_altar, nemelex_xobeh_ov_fountains_minmay
D:5:      layout_gridville, mainiacjoe_overflow_brackets, uniq_menkaure,
          uniq_eustachio
D:6:      layout_loops_ring, temple_statues, gammafunk_ghost_abyssal_escape,
          supply_closet_lemuel, dk_noncrumbling_3, uniq_edmund
D:7:      layout_loops_ring, nicolae_gozag_cash_rules_everything_around_me,
          trog_hazing_becter, gammafunk_ghost_necromancy, st_stairs_7,
          uniq_pikel, uniq_jeremiah
D:8:      minmay_razor_zed, layout_loops_cross, serial_shops, shop,
          nicolae_shop_tiny_waterfront
D:9:      layout_long_grid, lightli_temple_of_fire, david_lair_generic,
          serial_shops, shop, nicolae_shop_temple_entry_statues_fountains, shop,
          kennysheep_just_a_vault, uniq_amaemon
Temple:   minmay_freezing_vapour_temple
Lair:1:   layout_regular_city, grunt_megastairs_3
Lair:2:   layout_cave_pods, elwin_shoals_entry_rocks, serial_bayou_shore_a,
          uniq_urug
Lair:3:   layout_cave_pods, guppyfry_snake_entry_garden, st_stairs_6,
          minivault_19, uniq_rupert

Skill      XL: |  1  2  3  4  5  6  7  8  9 10 11 12 |
---------------+-------------------------------------+-----
Dodging        | 3 4 5 6 7 8 |  8.4
Fighting       | 1 2 3 4 5 6 7 |  7.0
Ice Magic      | 5 6 7 8 9 10 | 10.7
Short Blades   | 1 2 |  2.7
Armour         | 1 2 3 4 |  4.4
Stealth        | 3 4 5 6 7 |  7.7
Spellcasting   | 3 4 5 6 7 8 |  8.3
Evocations     | 1 2 3 4 5 |  5.8
Summonings     | 1 2 3 4 5 |  5.7
Staves         | 1 2 3 4 |  4.3

Action                     |  1- 3 |  4- 6 |  7- 9 | 10-12 || total
---------------------------+-------+-------+-------+-------++-------
  Melee: Unarmed           |    14 |       |       |       ||    14
         Short sword       |    19 |    51 |       |       ||    70
         Dagger            |     4 |    21 |    24 |       ||    49
         Staff             |       |       |    76 |    58 ||   134
         Falchion          |       |       |       |     4 ||     4
         Tailslap          |       |       |       |     3 ||     3
  Throw: Dart              |       |       |       |     7 ||     7
         Boomerang         |       |       |       |     1 ||     1
   Cast: Freeze            |    48 |    26 |    43 |    75 ||   192
         Frozen Ramparts   |     1 |    14 |    42 |    53 ||   110
         Ozocubu's Armour  |       |     3 |     9 |    15 ||    27
         Call Canine Famil |       |     1 |    19 |    40 ||    60
         Summon Ice Beast  |       |       |    16 |    51 ||    67
  Evoke: Wand              |       |       |     3 |     3 ||     6
         Gell's gravitambo |       |       |       |     1 ||     1
    Use: Potion            |       |     1 |     6 |     5 ||    12
         Scroll            |       |       |     4 |     8 ||    12
   Stab: Sleeping          |     2 |     1 |     1 |       ||     4
         Distracted        |       |       |     1 |       ||     1
 Armour: Robe              |    31 |    49 |    84 |   138 ||   302
  Dodge: Dodged            |    35 |    57 |   115 |   218 ||   425

Table legend: (Time is in decaauts)
 A = Elapsed time spent in this place.
 B = Non-inter-level travel time spent in this place.
 C = Inter-level travel time spent in this place.
 D = Time resting spent in this place.
 E = Time spent auto-exploring this place.
 F = Levels seen in this place.
 G = Mean time per level.
                   A        B        C        D        E       F      G
               +--------+--------+--------+--------+--------+-----+--------+
         Total |  15456 |  15428 |     28 |   5172 |   6302 |  13 | 1188.9 |
       Dungeon |  12111 |  12083 |     28 |   4391 |   4509 |   9 | 1345.7 |
        Temple |      1 |      1 |      0 |      0 |      0 |   1 |    1.0 |
          Lair |   3343 |   3343 |      0 |    781 |   1792 |   3 | 1114.3 |
               +--------+--------+--------+--------+--------+-----+--------+

Top non-repeatable levels by time:
     D:7: 2333 daAuts
  Lair:2: 1734 daAuts
     D:6: 1564 daAuts
     D:9: 1499 daAuts
  Lair:1: 1452 daAuts
     D:2: 1345 daAuts
     D:3: 1338 daAuts
     D:1: 1327 daAuts
     D:4: 1239 daAuts
     D:5: 1189 daAuts
     D:8: 272 daAuts
  Lair:3: 155 daAuts
  Temple: 1 daAuts
